 Dungeon Sprint DCSS version 0.21.1-1-g345015f (webtiles) character file.

2480 Fang the Fighter (level 9, -3/93 (94) HPs)
             Began as a Minotaur Berserker on May 3, 2018.
             Was the Champion of Trog.
             Slain by a fire elemental (6 damage)
             ... summoned by a deep elf mage
             ... in the Dungeon (Sprint V: "Ziggurat Sprint").
             The game lasted 00:05:59 (528 turns).

Fang the Fighter (Minotaur Berserker)                Turns: 528, Time: 00:06:00

HP:   -3/93 (94)    AC: 19    Str: 31    XL:     9   Next: 27%
MP:   6/8           EV: 12    Int:  4    God:    Trog [******]
Gold: 0             SH:  0    Dex: 10    Spells: 8/8 levels left

rFire    . . .     SeeInvis .   l - +5 demon trident
rCold    . . .     Gourm    .   (no shield)
rNeg     . . .     Faith    .   j - +5 shadow dragon scales
rPois    .         Spirit   .   (helmet restricted)
rElec    .         Reflect  .   (no cloak)
rCorr    .         Harm     .   (no gloves)
MR       .....     NoTele   +   (no boots)
Stlth    +++.......             (no amulet)
HPRegen  0.25/turn              G - ring of flight
MPRegen  0.11/turn              F - +6 ring of strength

@: berserk cooldown, slowed, very slow
A: retaliatory headbutt, horns 2
a: Berserk, Trog's Hand, Brothers in Arms, Burn Spellbooks, Renounce Religion,
Evoke Flight


You were in the Dungeon.
You worshipped Trog.
Trog was exalted by your worship.
You were very hungry.

You visited 1 branch

Inventory:

Hand Weapons
 k - a +2 battleaxe of electrocution
 l - a +5 demon trident (weapon)
Armour
 j - +5 shadow dragon scales (worn)
Jewellery
 a - an uncursed ring of positive energy
 F - a +6 ring of strength (right hand)
 G - a ring of flight (left hand)
Wands
 x - a wand of disintegration (7)
 y - a wand of iceblast (7)
 z - a wand of acid (7)
Scrolls
 i - 4 scrolls of blinking
 m - 7 scrolls of fog
 n - 2 scrolls of holy word
 o - 5 scrolls of identify
 p - 5 scrolls of remove curse
 q - 2 scrolls of fear
Potions
 d - 10 potions of curing
 e - 10 potions of heal wounds
 f - 6 potions of haste
 g - 7 potions of magic
 h - 3 potions of berserk rage
 r - 2 potions of brilliance
 s - 2 potions of invisibility
 t - 4 potions of resistance
 u - a potion of experience
 v - 5 potions of agility
 w - 5 potions of might
Books
 C - a book of Battle

   Spells                             Type                      Level
   a - Infusion                       Charms                       1
   b - Shroud of Golubria             Charms/Translocation         2
   c - Song of Slaying                Charms                       2
   d - Spectral Weapon                Hexes/Charms                 3
   e - Regeneration                   Charms/Necromancy            3
   Trog disapproves of the use of such an item.
Miscellaneous
 A - a phial of floods
 B - a box of beasts
Comestibles
 c - 7 rations


   Skills:
 + Level 13.7 Fighting
 + Level 13.2(14.6) Axes
 + Level 10.9(13.5) Polearms
 + Level 10.0 Armour
 + Level 7.9 Dodging
 + Level 1.8 Stealth


You had 8 spell levels left.
You didn't know any spells.

Dungeon Overview and Level Annotations

Branches:
Dungeon (1/1)

Altars:
Ashenzari
Cheibriados
Dithmenos
Elyvilon
Fedhas
Gozag
Hepliaklqana
Kikubaaqudgha
Makhleb
Nemelex Xobeh
Okawaru
Qazlal
Ru
Sif Muna
Trog
Uskayaw
Vehumet
Wu Jian
Xom
Yredelemnul
Zin
The Shining One
Beogh
Jiyva
Lugonu

Annotations:
D 1 transporter


Innate Abilities, Weirdness & Mutations

You reflexively headbutt those who attack you in melee.
You have a pair of horns on your head.


Message History

Unknown command.
The deep elf mage gestures wildly while chanting.
The deep elf mage casts a spell.
The deep elf mage blinks!
The deep elf mage gestures at you while chanting.
The bolt of fire hits you!
* * * LOW HITPOINT WARNING * * *
Things that are here:
a glowing battleaxe {god gift}; a hand axe of chopping You hit the deep elf mage but do no damage.
You headbutt the deep elf mage, but do no damage.
The deep elf mage is moderately wounded.
The fire elemental hits you. The fire elemental burns you!
* * * LOW HITPOINT WARNING * * *
The deep elf mage hits you with a long sword.
* * * LOW HITPOINT WARNING * * *
You miss the deep elf mage.
The deep elf mage is moderately wounded.
The fire elemental hits you. The fire elemental burns you!
You die...

▓........▓..)[....▓
▓....)...▓.▓.)[.▓.▓
▓...©.)..▓...©....▓
▓▓▓▓▓▓▓▓▓▓▓▓▓▓▓▓▓▓▓
▓..8©8..▓ ▓.§?:)..▓
▓..E}[..▓ ▓..Ee...▓
▓...@)e.▓ ▓...)...▓
▓.......▓ ▓.......▓
▓...©...▓ ▓▓▓▓▓▓▓▓▓


You could see 2 deep elf magi and 2 fire elementals.

Vanquished Creatures
  2 dancing weapons (D)
  A deep elf archer (D)
  3 deep elf magi (D)
  A rime drake (D)
  2 air elementals (D)
  A steam dragon (D)
  A water moccasin (D)
  A swamp drake (D)
  2 necrophages (D)
  A wight (D)
  3 orc priests (D)
  An orc wizard (D)
  An adder (D)
  An adder zombie (D)
  An orc (D)
22 creatures vanquished.

Notes
Turn   | Place    | Note
-------+----------+-------------------------------------------
     0 | D        | Found the +6 Majin-Bo {vamp, Archmagi MP+6 Int+6}
     0 | D        | Found the +7 great mace "Firestarter" {inner flame, rF++}
     0 | D        | Fang the Minotaur Berserker began the quest for the Orb.
     0 | D        | Reached XP level 1. HP: 19/19 MP: 0/0
     3 | D        | Found a blossoming altar of Fedhas.
     4 | D        | Found a viscous altar of Jiyva.
     4 | D        | Found a hazy altar of Hepliaklqana.
     4 | D        | Found a transporter.
     4 | D        | Found an opulent altar of Gozag.
     4 | D        | Found an ancient bone altar of Kikubaaqudgha.
     4 | D        | Found a corrupted altar of Lugonu.
    10 | D        | Found a burning altar of Makhleb.
    11 | D        | Found a stormy altar of Qazlal.
    11 | D        | Found a sacrificial altar of Ru.
    11 | D        | Found an iron altar of Okawaru.
    11 | D        | Found a deep blue altar of Sif Muna.
    11 | D        | Found a sparkling altar of Nemelex Xobeh.
    11 | D        | Found a bloodstained altar of Trog.
    75 | D        | Entered arena 2.
    75 | D        | Noticed a water moccasin
    75 | D        | Found a transporter.
    80 | D        | Killed a water moccasin
    80 | D        | Reached skill level 1 in Polearms
    80 | D        | Reached XP level 2. HP: 35/35 MP: 1/1
    80 | D        | Reached XP level 3. HP: 40/40 MP: 2/2
    80 | D        | Reached XP level 4. HP: 48/48 MP: 3/3
   130 | D        | Entered arena 3.
   130 | D        | Noticed a steam dragon
   130 | D        | Noticed a rime drake
   130 | D        | Noticed a swamp drake
   130 | D        | Found a transporter.
   135 | D        | Killed a steam dragon
   135 | D        | Reached ** piety under Trog
   135 | D        | Reached skill level 5 in Armour
   135 | D        | Reached XP level 5. HP: 57/57 MP: 4/4
   150 | D        | Killed a swamp drake
   150 | D        | Reached skill level 10 in Fighting
   150 | D        | Reached skill level 10 in Axes
   150 | D        | Reached skill level 5 in Dodging
   150 | D        | Reached XP level 6. HP: 17/66 MP: 5/5
   151 | D        | Killed a rime drake
   371 | D        | Entered arena 4.
   371 | D        | Found a transporter.
   376 | D        | Reached skill level 5 in Polearms
   376 | D        | Reached XP level 7. HP: 71/73 MP: 6/6
   378 | D        | Reached *** piety under Trog
   397 | D        | Entered arena 5.
   397 | D        | Noticed a deep elf mage
   397 | D        | Noticed an air elemental
   397 | D        | Noticed a deep elf mage
   397 | D        | Noticed a deep elf mage
   397 | D        | Found a transporter.
   400 | D        | Killed an air elemental
   400 | D        | Reached skill level 1 in Stealth
   403 | D        | Killed a deep elf mage
   403 | D        | Reached **** piety under Trog
   403 | D        | Reached XP level 8. HP: 82/82 MP: 7/7
   405 | D        | Killed a deep elf mage
   406 | D        | Killed a deep elf mage
   406 | D        | Reached ***** piety under Trog
   448 | D        | Entered arena 6.
   448 | D        | Found a transporter.
   454 | D        | Received a gift from Trog
   460 | D        | Received a gift from Trog
   510 | D        | Entered arena 7.
   510 | D        | Noticed a deep elf mage
   510 | D        | Noticed an air elemental
   510 | D        | Noticed a hand axe of chopping
   510 | D        | Noticed a deep elf mage
   510 | D        | Noticed a deep elf archer
   510 | D        | Noticed a scimitar of protection
   511 | D        | Found a transporter.
   517 | D        | Killed a scimitar of protection
   517 | D        | Reached XP level 9. HP: 55/92 MP: 5/8
   518 | D        | Killed a hand axe of chopping
   518 | D        | Reached skill level 10 in Polearms
   521 | D        | Killed a deep elf archer
   521 | D        | Reached ****** piety under Trog
   521 | D        | Received a gift from Trog
   524 | D        | Reached skill level 10 in Armour
   527 | D        | HP: 3/93 [deep elf mage/long sword (5)]
   528 | D        | Slain by a fire elemental

Skill      XL: |  1  2  3  4  5  6  7  8  9 |
---------------+----------------------------+-----
Fighting       | 7 9 10 11 12 13 | 13.7
Axes           | 7 9 10 11 12 13 | 13.2
Polearms       | 1 2 3 5 7 9 10 | 10.9
Armour         | 4 5 7 8 9 10 | 10.0
Dodging        | 3 4 5 6 7 |  7.9
Stealth        | 1 |  1.8

Action                   |  1- 3 |  4- 6 |  7- 9 || total
-------------------------+-------+-------+-------++-------
Melee: Demon trident     |     4 |    12 |    33 ||    49
       Headbutt          |     1 |     5 |     8 ||    14
Invok: Berserk           |     1 |     1 |     2 ||     4
       Burn Spellbooks   |       |       |     1 ||     1
 Stab: Confused          |       |     1 |       ||     1
  Eat: Chunk             |       |       |     1 ||     1
Armor: Shadow dragon sca |     3 |    11 |    17 ||    31
Dodge: Dodged            |     2 |     7 |    15 ||    24
